 Dungeon Crawl Stone Soup version 0.20.1-1-g8b1a95d (webtiles) character file.

345 polve the Covert (level 6, -3/37 HPs)
             Began as a Kobold Berserker on July 10, 2017.
             Was a Priest of Trog.
             Splashed by a jelly's acid (5 damage)
             ... on level 4 of the Dungeon.
             The game lasted 00:04:44 (4251 turns).

polve the Covert (Kobold Berserker)                 Turns: 4251, Time: 00:04:45

Health: -3/37      AC:  0    Str: 14    XL:     6   Next: 89%
Magic:  6/6        EV: 15    Int:  6    God:    Trog [***...]
Gold:   213        SH:  0    Dex: 16    Spells: 5/5 levels left

rFire    . . .     SeeInvis .   r - +0 dagger (speed)
rCold    . . .     Gourm    .   (shield restricted)
rNeg     . . .     Faith    .   b - +0 animal skin
rPois    .         Spirit   .   n - +0 helmet
rElec    .         Reflect  .   a - +0 cloak
rCorr    .         Harm     .   (no gloves)
MR       .....                  (no boots)
Stlth    +++.......             (no amulet)
Regen    0.2/turn               f - -3 ring of intelligence (curse)
MPRegen  0.1/turn               m - ring of loudness (curse)

@: corroded
A: carnivore 3
a: Berserk, Trog's Hand, Burn Spellbooks, Renounce Religion


You were on level 4 of the Dungeon.
You worshipped Trog.
Trog was most pleased with you.
You were completely stuffed.

You visited 1 branch of the dungeon, and saw 4 of its levels.

You collected 213 gold pieces.

Inventory:

Hand Weapons
 r - a +0 dagger of speed (weapon)
Armour
 a - a +0 cloak (worn)
 b - a +0 animal skin (worn)
 n - a +0 helmet (worn)
Jewellery
 f - a cursed -3 ring of intelligence (left hand)
 m - a cursed ring of loudness (right hand)
Scrolls
 g - 2 scrolls of magic mapping {unknown}
 i - a scroll of immolation {unknown}
 k - 5 scrolls of identify {unknown}
 o - a scroll of remove curse {unknown}
Potions
 e - a potion of magic {unknown}
 h - a potion of degeneration {unknown}
 l - a potion of flight {unknown}
 p - a potion of ambrosia {unknown}
 q - a potion of curing {unknown}
Comestibles
 c - 3 meat rations
 d - a chunk of flesh
 j - a royal jelly


   Skills:
 - Level 3.2 Fighting
 - Level 4.0 Short Blades
 - Level 1.5 Armour
 - Level 2.4 Dodging
 + Level 9.2 Stealth


You had 5 spell levels left.
You didn't know any spells.

Dungeon Overview and Level Annotations

Branches:
Dungeon (4/15)
 Temple: D:4-7

Altars:


Innate Abilities, Weirdness & Mutations

You are small and have problems with some larger weapons.
You are carnivorous and can eat meat at any time.


Message History

You hit the jelly but do no damage.
Your hands burn!
The jelly is moderately wounded.
The jelly barely misses you.
You barely miss the jelly.
The jelly is moderately wounded.
You hit the jelly.
Your hands burn!
The jelly is moderately wounded.
The jelly misses you.
You hit the jelly. The acid corrodes you!
Your hands burn!
* * * LOW HITPOINT WARNING * * *
The jelly is moderately wounded.
You hit the jelly but do no damage.
Your hands burn!
* * * LOW HITPOINT WARNING * * *
The jelly is moderately wounded.
The jelly hits you.
* * * LOW HITPOINT WARNING * * *
You are splashed with acid!
The acid burns!
* * * LOW HITPOINT WARNING * * *
You hit the jelly but do no damage.
Your hands burn!
You die...

..... ### #....
#$.....##.####### #....
#..P.P.#.#.#....#####....
#....J.#.#.#.....##.#.#..
#..÷..P#.#'#......'.#.#..
#.÷.J.÷#.#..(.....'......
#P...JP#.#........'......
#÷.....#@#......[##.#....
#..PP..J##......#####)#.#
#......########## #(#..
######## #.##. #(...
####. #. #. #.


You could see a jelly.

Vanquished Creatures
  A scorpion (D:4)
  A water moccasin skeleton (D:4)
  A crimson imp (D:3)
  Crazy Yiuf (D:3)
  Natasha (D:3)
  A gnoll (D:1)
  3 adders
  7 oozes (D:4)
  2 worms (D:3)
  3 dart slugs (D:1)
  2 leopard geckos
  3 orcs (D:4)
  A ball python (D:3)
  5 giant cockroaches
  7 hobgoblins
  2 jackals (D:3)
  3 bats
  4 frilled lizards
  4 goblins
  18 kobolds
  A quokka skeleton (D:4)
  8 rats
79 creatures vanquished.

Vanquished Creatures (others)
  12 toadstools (D:4)
12 creatures vanquished.

Grand Total: 91 creatures vanquished

Notes
Turn   | Place    | Note
-------+----------+-------------------------------------------
     0 | D:1      | polve the Kobold Berserker began the quest for the Orb.
     0 | D:1      | Reached XP level 1. HP: 14/14 MP: 1/1
   167 | D:1      | Reached skill level 1 in Stealth
   294 | D:1      | Reached skill level 3 in Stealth
   294 | D:1      | Reached XP level 2. HP: 12/19 MP: 2/2
   770 | D:1      | Reached XP level 3. HP: 23/23 MP: 3/3
   941 | D:1      | Reached skill level 4 in Stealth
  1446 | D:2      | Reached ** piety under Trog
  1786 | D:2      | Reached skill level 5 in Stealth
  1786 | D:2      | Reached XP level 4. HP: 28/28 MP: 4/4
  2284 | D:3      | Noticed Natasha
  2299 | D:3      | Killed Natasha
  2300 | D:3      | Reached skill level 6 in Stealth
  2728 | D:3      | Reached XP level 5. HP: 32/32 MP: 5/5
  3035 | D:3      | Reached skill level 7 in Stealth
  3328 | D:3      | Found a runed door.
  3536 | D:3      | Noticed Crazy Yiuf
  3544 | D:3      | Killed Crazy Yiuf
  3544 | D:3      | Reached XP level 6. HP: 27/37 MP: 4/6
  3754 | D:4      | Reached skill level 8 in Stealth
  4147 | D:4      | Reached *** piety under Trog
  4215 | D:4      | Reached skill level 9 in Stealth
  4251 | D:4      | Splashed by a jelly's acid

Skill      XL: |  1  2  3  4  5  6 |
---------------+-------------------+-----
Stealth        | 3 5 6 7 9 |  9.2
Fighting       | |  3.2
Short Blades   | |  4.0
Armour         | |  1.5
Dodging        | |  2.4

Action                   |  1- 3 |  4- 6 || total
-------------------------+-------+-------++-------
Melee: Short sword       |    84 |       ||    84
       Dagger            |    44 |   413 ||   457
Invok: Berserk           |     1 |     5 ||     6
 Stab: Sleeping          |     3 |     9 ||    12
       Distracted        |       |     1 ||     1
  Eat: Chunk             |    12 |    13 ||    25
Armor: Animal skin       |    16 |    83 ||    99
Dodge: Dodged            |    73 |   186 ||   259
